 Dungeon Crawl Stone Soup version 0.23.2-11-gf996548 (webtiles) character file.

Game seed: 3054896068644286662

128 Fang the Skirmisher (level 5, -8/49 HPs)
             Began as a Gargoyle Berserker on June 6, 2019.
             Was a Believer of Trog.
             Mangled by an ogre
             ... wielding a +0 giant club
              (13 damage)
             ... on level 3 of the Dungeon.
             The game lasted 00:01:34 (1852 turns).

Fang the Skirmisher (Gargoyle Berserker)            Turns: 1852, Time: 00:01:35

Health: -8/49      AC: 12    Str: 26    XL:     5   Next: 11%
Magic:  5/5        EV: 10    Int:  8    God:    Trog [**....]
Gold:   31         SH:  0    Dex:  9    Spells: 4/4 levels left

rFire    x . .     SeeInvis .   a - +0 hand axe
rCold    + + .     Gourm    .   (no shield)
rNeg     + . .     Faith    .   b - -2 ice dragon scales (curse)
rPois    ∞         Spirit   .   (no helmet)
rElec    +         Reflect  .   (no cloak)
rCorr    .         Harm     .   (no gloves)
MR       .....                  (no boots)
Stlth    ..........             (no amulet)
HPRegen  0.16/turn              (no ring)
MPRegen  0.09/turn              (no ring)

@: berserking, very quick
A: negative energy resistance 1, electricity resistance, unbreathing,
petrification resistance, rot immunity, AC +4
a: Berserk, Trog's Hand, Renounce Religion


You were on level 3 of the Dungeon.
You worshipped Trog.
Trog was pleased with you.
You were very hungry.

You visited 1 branch of the dungeon, and saw 3 of its levels.

You collected 31 gold pieces.

Inventory:

Hand Weapons
 a - a +0 hand axe (weapon)
Armour
 b - cursed -2 ice dragon scales (worn)
Scrolls
 e - a scroll of enchant armour {unknown}
 g - a scroll of noise {unknown}
 h - 2 scrolls of remove curse {unknown}
 j - a scroll of fog {unknown}
 k - 3 scrolls of amnesia {unknown}
 l - a scroll of identify {unknown}
 m - 2 scrolls of blinking {unknown}
 p - a scroll of magic mapping {unknown}
Potions
 d - 2 potions of curing {unknown}
 f - a potion of invisibility {unknown}
 i - 2 potions of ambrosia {unknown}
 o - a potion of haste {unknown}
 q - a potion of heal wounds {unknown}
 r - a potion of flight {unknown}
Comestibles
 c - 10 rations
 n - 4 chunks of flesh


   Skills:
 + Level 4.2 Fighting
 + Level 3.4 Axes
 + Level 3.3 Armour
 + Level 2.4 Dodging


You had 4 spell levels left.
You didn't know any spells.
Your spell library was empty.

Dungeon Overview and Level Annotations

Branches:
Dungeon (3/15)

Altars:


Innate Abilities, Weirdness & Mutations

You are resistant to torment.
Your stone body is resilient. (AC +4)
You are immune to poison.
You resist negative energy. (rN+)
You are resistant to electric shocks. (rElec)
You can survive without breathing.
You are immune to petrification.
You are immune to rotting.


Message History

You closely miss the orc. You closely miss the hobgoblin.
You closely miss the orc. x2; The ogre barely misses you.
The hobgoblin hits you but does no damage.
The orc hits you with a +0 flail.
* * * LOW HITPOINT WARNING * * *
The orc hits you but does no damage.
You slash the ogre!
The ogre is almost dead.
You hit the orc.
You kill the orc!
Trog accepts your kill.
You slash the hobgoblin!
You kill the hobgoblin!
Trog accepts your kill.
You hit the orc.
You kill the orc!
Trog accepts your kill.
You hit the orc. The orc closely misses you.
The ogre hits you with a +0 giant club!
You die...

#.# ♣... #.# ♣♣.....♣
####.# ♣♣...... ♣ .....#
# ##♣...≈≈≈ .. .##### #.
#.#..≈≈≈≈≈.. .#
#.###.#.)≈≈♣≈≈.. .####
#.#...^.≈≈≈≈≈.. ....###
##.#.#))o≈≈≈...
###.##.###.#....@O.....#
#.# #.###.#.#)#)....##
#.# #..#.#..>##...###
##.###)#.###.## ..##
##...##.#.........##
#....(#.#####.#####
...............
#.....#........
##...##########


You could see an ogre and an orc.

Vanquished Creatures
  An orc wizard (D:2)
  2 adders
  4 worms
  A dart slug (D:1)
  A leopard gecko (D:2)
  11 orcs
  2 ball pythons
  6 bats
  2 bat zombies (D:1)
  3 giant cockroaches
  6 hobgoblins
  3 kobolds
  2 frilled lizards
  5 goblins
  3 rats
52 creatures vanquished.

Notes
Turn   | Place    | Note
-------+----------+-------------------------------------------
     0 | D:1      | Fang the Gargoyle Berserker began the quest for the Orb.
     0 | D:1      | Reached XP level 1. HP: 14/14 MP: 1/1
   115 | D:1      | Reached XP level 2. HP: 18/19 MP: 2/2
   333 | D:1      | You fall through a shaft!
   428 | D:2      | Reached XP level 3. HP: 15/23 MP: 3/3
   692 | D:2      | Reached ** piety under Trog
   701 | D:2      | Reached skill level 4 in Fighting
   701 | D:2      | Reached XP level 4. HP: 15/29 MP: 4/4
  1686 | D:3      | Found a faded altar of an unknown god.
  1825 | D:3      | Reached XP level 5. HP: 32/33 MP: 5/5
  1840 | D:3      | Noticed an ogre
  1852 | D:3      | Mangled by an ogre

Skill      XL: |  1  2  3 |
---------------+----------+-----
Axes           | 3 |  3.4
Dodging        | 2 |  2.4
Fighting       | 4 |  4.2
Armour         | 3 |  3.3

Action                   |  1- 3 |  4- 6 || total
-------------------------+-------+-------++-------
Melee: Hand axe          |   112 |   106 ||   218
Invok: Berserk           |     2 |     2 ||     4
  Eat: Chunk             |     1 |     5 ||     6
Armor: Animal skin       |    60 |     1 ||    61
       Ice dragon scales |       |    63 ||    63
Dodge: Dodged            |   122 |    55 ||   177
